 Dungeon Crawl Stone Soup version 0.32-a0-938-g40ac7a0f4d (webtiles) character file.

Game seed: 10126557720359439340

399 Conn the Sneak (level 6, -2/41 HPs)
             Began as an Octopode Fire Elementalist on Apr 15, 2024.
             Slain by a killer bee (5 damage)
             ... on level 5 of the Dungeon.
             The game lasted 00:10:14 (3750 turns).

Conn the Sneak (Octopode Fire Elementalist)         Turns: 3750, Time: 00:10:15

Health: -2/41      AC:  1    Str:  7    XL:     6   Next: 84%
Magic:  11/11      EV: 13    Int: 19    God:
Gold:   137        SH:  0    Dex: 13    Spells: 6/12 levels left

rFire   . . .        d - +2 whip (vamp)
rCold   . . .        (no shield)
rNeg    . . .        (helmet restricted)
rPois   .            (no amulet)
rElec   .            (no ring)
rCorr   .            (no ring)
SInv    .            (no ring)
Will    .....        (no ring)
Stlth   ++++         (no ring)
HPRegen 0.26/turn    (no ring)
MPRegen 0.12/turn    (no ring)
                     (no ring)

%: no passive effects
@: lethally poisoned (-2 -> -8)
A: almost no armour, amphibious, 8 rings, camouflage 1, gelatinous body 1,
(nimble swimmer 1), tentacles, robust 1, wild magic 1
a: no special abilities


You were on level 5 of the Dungeon.
You visited 1 branch of the dungeon, and saw 5 of its levels.

You collected 137 gold pieces.

Inventory:

Hand Weapons
 c - a +0 short sword
 d - a +2 vampiric whip (weapon)
Scrolls
 b - 2 scrolls of teleportation
Potions
 a - a potion of magic
 f - a potion of mutation


   Skills:
 + Level 1.0 Fighting
 + Level 3.1 Dodging
 + Level 4.3 Stealth
 * Level 3.7 Spellcasting
 * Level 3.3 Conjurations
 + Level 1.0 Hexes
 + Level 3.7 Fire Magic


You had 6 spell levels left.
You knew the following spells:

 Your Spells              Type           Power      Damage    Failure   Level
a - Foxfire               Conj/Fire      88%        2x1d8     5%          1
b - Scorch                Fire           46%        2d6       8%          2
c - Inner Flame           Hex/Fire       16%        N/A       22%         3

Your spell library contained the following spells:

 Spells                   Type           Power      Damage    Failure   Level
 Volatile Blastmotes      Fire/Tloc      26%        2d12      28%         3
 Flame Wave               Conj/Fire      22%        2d8       41%         4
 Starburst                Conj/Fire      11%        6d5       99%         6
 Plasma Beam              Fire/Air       6%         2x1d17    100%        6


Dungeon Overview and Level Annotations

Branches:
Dungeon (5/15)
 Temple: D:4-7

Altars:
Fedhas
Okawaru
Yredelemnul

Shops:
D:1 *

Annotations:
D:4 Robin


Innate Abilities, Weirdness & Mutations

You cannot wear most types of armour.
You are amphibious.
You can wear up to eight rings at the same time.
Your skin changes colour to match your surroundings (Stealth+).
Your rubbery body absorbs attacks. (AC +1, EV +1)
((You are camouflaged when in or above water. (Stealth+)))
You have tentacles for arms and can constrict up to eight enemies at once.
You are robust. (+10% HP)
Your spells are a little harder to cast, but a little more powerful.


Message History

You hear an angry buzzing noise. x2
The foxfire hits the phantom but does no damage.
The phantom is severely damaged.
The foxfire hits the phantom.
The phantom is severely damaged.
The shadow imp puffs mist at you.
The foxfire hits the phantom but does no damage.
The phantom is severely damaged.
You barely miss the killer bee. Your grab misses the killer bee.
Your squeeze misses the killer bee.
The killer bee is heavily wounded.
The killer bee stings you but does no damage.
The killer bee closely misses you. The adder bites you.
Unknown command.
You closely miss the killer bee. Your grab misses the killer bee.
The killer bee is heavily wounded.
The killer bee stings you.
You are poisoned.
The killer bee poisons you! The killer bee barely misses you.
The adder bites you.
* * * LOW HITPOINT WARNING * * *
You feel better. The killer bee barely misses you. The adder barely misses you.
The killer bee misses you. The adder closely misses you.
Okay, then.
Unknown command.
Unknown command.
Magic courses through your body. The killer bee stings you.
You are poisoned.
The killer bee poisons you! The killer bee stings you!
* * * LOW HITPOINT WARNING * * *
The adder barely misses you.
Unknown command.
Okay, then.
Unknown command.
It was a potion of cancellation.
You feel magically purged.
* * * LOW HITPOINT WARNING * * *
You feel sick.
The killer bee is no longer more vulnerable to fire.
The killer bee stings you.
You die...

...####.####
.5...?.....## #####
#######.##..#####.....
#5###.......# #W#
##..)..## #°#
#.###..### # #.####.#
##...#### ##......#
##.(.... #.@y.####
#...... #....#S##
###...... ...........
...........
...###.#.###
#####...... ## #...#
......... ##..#
######### $.. #..#


You could see a phantom, a killer bee, an adder and a shadow imp.

Vanquished Creatures
  An ogre (D:5)
  A howler monkey (D:5)
  A bombardier beetle (D:3)
  An orc wizard (D:3)
  A howler monkey zombie (D:3)
  4 gnolls
  6 adders
  An adder zombie (D:3)
  2 dart slugs
  4 ribbon worms
  9 orcs
  3 bats (D:2)
  2 endoplasms
  4 giant cockroaches
  16 hobgoblins
  4 jackals (D:2)
  2 quokkas
  5 ball pythons
  3 frilled lizards
  14 goblins
  4 kobolds
  8 rats
96 creatures vanquished.

Vanquished Creatures (others)
  167 foxfires
167 creatures vanquished.

Grand Total: 263 creatures vanquished

Notes
Turn   | Place    | Note
-------+----------+-------------------------------------------
     0 | D:1      | Conn the Octopode Fire Elementalist began the quest for the
                  | Orb.
     0 | D:1      | Reached XP level 1. HP: 11/11 MP: 3/3
    84 | D:1      | Reached XP level 2. HP: 17/17 MP: 0/5
   150 | D:1      | Learned a level 2 spell: Scorch
   182 | D:1      | Reached skill level 3 in Stealth
   264 | D:1      | Found Xeimu's General Store.
   474 | D:1      | Reached XP level 3. HP: 20/21 MP: 0/6
   478 | D:1      | Learned a level 3 spell: Inner Flame
  1533 | D:2      | Reached XP level 4. HP: 22/27 MP: 0/8
  2431 | D:3      | Found a blossoming altar of Fedhas.
  2618 | D:3      | Reached XP level 5. HP: 31/31 MP: 4/9
  2856 | D:3      | Found an iron altar of Okawaru.
  3080 | D:4      | Noticed Robin
  3098 | D:3      | Gained mutation: Your spells are a little harder to cast,
                  | but a little more powerful. [potion of mutation]
  3098 | D:3      | Gained mutation: You are robust. (+10% HP) [potion of
                  | mutation]
  3232 | D:3      | Reached skill level 4 in Stealth
  3232 | D:3      | Reached XP level 6. HP: 25/39 MP: 0/11
  3394 | D:3      | Found a basalt altar of Yredelemnul.
  3679 | D:5      | Entered Level 5 of the Dungeon
  3735 | D:5      | Reached skill level 1 in Fighting
  3735 | D:5      | Reached skill level 1 in Hexes
  3750 | D:5      | Slain by a killer bee

Illustrated notes

Levels and vault maps discovered:
D:1:      dpeg_arrival_short_road, layout_basic, serial_shops, shop,
          serial_forest, infiniplex_forest_lined_1,
          infiniplex_forest_clump_long, infiniplex_forest_end_1,
          infiniplex_forest_lined_room_2, infiniplex_forest_end_2
D:2:      layout_loops_ring, amcnicky_mini_corridor_feature,
          nicolae_elevator_lobby_plus
D:3:      layout_rooms, mainiacjoe_overflow_alcove_4,
          mainiacjoe_overflow_concentric_impassable,
          lemuel_zombie_altar_yredelemnul, minmay_misc_feat_x
D:4:      kennysheep_spiral_hall, layout_basic, kennysheep_mini,
          kennysheep_path_1, uniq_robin
D:5:      layout_rooms, st_stairs_11, uniq_crazy_yiuf_cottage

Skill      XL: |  1  2  3  4  5  6 |
---------------+-------------------+-----
Stealth        | 3 4 |  4.3
Conjurations   | 2 3 |  3.3
Spellcasting   | 3 |  3.7
Dodging        | 3 |  3.1
Fighting       | 1 |  1.0
Hexes          | 1 |  1.0
Fire Magic     | |  3.7

Action                     |  1- 3 |  4- 6 || total
---------------------------+-------+-------++-------
  Melee: Unarmed           |     6 |       ||     6
         Tentacles         |     7 |    16 ||    23
         Short sword       |    23 |    36 ||    59
         Constrict         |     5 |    24 ||    29
         Whip              |       |    31 ||    31
   Cast: Foxfire           |    39 |    54 ||    93
         Scorch            |     5 |    16 ||    21
         Inner Flame       |       |     2 ||     2
    Use: Potion            |     1 |    12 ||    13
         Scroll            |     1 |     2 ||     3
   Stab: Sleeping          |     2 |     3 ||     5
 Armour: Skin              |    28 |    64 ||    92
  Dodge: Dodged            |    16 |    81 ||    97

Table legend: (Time is in decaauts)
 A = Elapsed time spent in this place.
 B = Non-inter-level travel time spent in this place.
 C = Inter-level travel time spent in this place.
 D = Time resting spent in this place.
 E = Time spent auto-exploring this place.
 F = Levels seen in this place.
 G = Mean time per level.
                   A        B        C        D        E       F      G
               +--------+--------+--------+--------+--------+-----+--------+
         Total |   3753 |   3708 |     45 |    172 |   2586 |   5 |  750.6 |
       Dungeon |   3753 |   3708 |     45 |    172 |   2586 |   5 |  750.6 |
               +--------+--------+--------+--------+--------+-----+--------+

Top non-repeatable levels by time:
     D:3: 1257 daAuts
     D:1: 1229 daAuts
     D:2: 1142 daAuts
     D:5: 71 daAuts
     D:4: 52 daAuts
